 Dungeon Crawl Stone Soup version 0.28-a0-1199-gef9e1dbd39 (webtiles) character file.

Game seed: 9222433508963949417

56 ytrimaz the Conjurer (level 3, -7/21 HPs)
             Began as an Octopode Conjurer on Dec 19, 2021.
             Mangled by Sigmund (9 damage)
             ... on level 3 of the Dungeon.
             The game lasted 00:02:08 (1463 turns).

ytrimaz the Conjurer (Octopode Conjurer)            Turns: 1463, Time: 00:02:09

Health: -7/21      AC:  1    Str:  6    XL:     3   Next: 95%
Magic:  3/6        EV: 13    Int: 22    God:
Gold:   36         SH:  0    Dex: 10    Spells: 3/6 levels left

rFire   . . .      SeeInvis .   (no weapon)
rCold   . . .      Faith    .   (no shield)
rNeg    . . .      Spirit   .   (helmet restricted)
rPois   .          Reflect  .   (no amulet)
rElec   .          Harm     .   (no ring)
rCorr   .          Rampage  .   (no ring)
Will    .....                   (no ring)
Stlth   +++.......              (no ring)
HPRegen 0.07/turn               (no ring)
MPRegen 0.10/turn               (no ring)
                                (no ring)
                                (no ring)

@: brilliant
A: almost no armour, amphibious, 8 rings, camouflage 1, gelatinous body 1,
(nimble swimmer 1), tentacles
a: no special abilities


You were on level 3 of the Dungeon.
You visited 1 branch of the dungeon, and saw 3 of its levels.

You collected 36 gold pieces.

Inventory:

Missiles
 d - a throwing net
Scrolls
 a - 3 scrolls of teleportation
 c - a scroll of magic mapping {unknown}
 f - a scroll of fear {unknown}
Potions
 b - a potion of magic


   Skills:
 * Level 2.3 Dodging
 - Level 2.6 Stealth
 * Level 2.3 Spellcasting
 * Level 5.1 Conjurations


You had 3 spell levels left.
You knew the following spells:

 Your Spells              Type           Power      Damage    Failure   Level
a - Magic Dart            Conj           100%       1d8       1%          1
b - Searing Ray           Conj           74%        2d7       2%          2

Your spell library contained the following spells:

 Spells                   Type           Power      Damage    Failure   Level
 Apportation              Tloc           6%         N/A       14%         1
 Dazzling Flash           Conj/Hex       40%        N/A       14%         3
 Fulminant Prism          Conj/Hex       10%        3d9       43%         4
 Iskenderun's Mystic Bla  Conj/Tloc      20%        2d6       43%         4
 Alistair's Intoxication  Tmut/Pois      2%         N/A       98%         5


Dungeon Overview and Level Annotations

Branches:
Dungeon (3/15)

Altars:

Shops:
D:2 =

Annotations:
D:3 Sigmund


Innate Abilities, Weirdness & Mutations

You cannot wear most types of armour.
You are amphibious.
You can wear up to eight rings at the same time.
Your skin changes colour to match your surroundings (Stealth+).
Your rubbery body absorbs attacks. (AC +1, EV +1)
((You are camouflaged near water. (Stealth+)))
You have tentacles for arms and can constrict up to eight enemies at once.


Message History

Unknown command.
The searing ray misses Sigmund.
A bat comes into view.
The searing ray hits Sigmund.
Sigmund is heavily wounded.
Sigmund casts a spell at you. The puff of flame hits you.
The searing ray misses Sigmund.
You finish channelling your searing ray.
Sigmund barely misses you.
A bat comes into view.
The bat misses you. The bat hits you but does no damage.
Unknown command.
Magic courses through your body. The bat closely misses you.
Sigmund barely misses you. The bat closely misses you.
Unknown command.
Casting: Searing Ray (safe; 2% risk of failure)
Confirm with . or Enter, or press ? or * to list all spells.
Aiming: Searing Ray (safe; 2% risk of failure)
Press: ? - help, Shift-Dir - straight line, p - Sigmund The searing ray hits the bat!
You kill the bat!
The searing ray hits Sigmund.
Sigmund is heavily wounded. (Press . to maintain the ray.) Sigmund hits you from afar with a +0 scythe!
Ouch! That really hurt!
* * * LOW HITPOINT WARNING * * *
The searing ray misses Sigmund.
The bat completely misses you. The bat barely misses you.
Unknown command.
The searing ray hits the bat!
You kill the bat!
The searing ray hits Sigmund.
Sigmund is severely wounded.
Sigmund barely misses you.
It was a potion of brilliance.
You feel clever all of a sudden.
Sigmund hits you from afar with a +0 scythe!
You die...

#.> #.# #.# #.# ##.#
#..######.#
#######....<....#
...#..........######
.....@.@.............
##..............#####
#..............#
#..............#
#...............#
./..............#
###............##
##.?........#


You could see Sigmund.

Vanquished Creatures
  A jelly (D:3)
  A dart slug (D:3)
  5 bats
  2 endoplasms (D:2)
  A giant cockroach (D:2)
  2 quokkas
  A frilled lizard (D:1)
  3 goblins
  4 kobolds
  A rat (D:1)
21 creatures vanquished.

Notes
Turn   | Place    | Note
-------+----------+-------------------------------------------
     0 | D:1      | ytrimaz the Octopode Conjurer began the quest for the Orb.
     0 | D:1      | Reached XP level 1. HP: 11/11 MP: 3/3
   330 | D:1      | You fall into a shaft and drop 1 floor!
   381 | D:2      | Reached XP level 2. HP: 17/17 MP: 3/5
   737 | D:2      | Found Gurhakeu's Jewellery Shoppe.
  1331 | D:2      | Learned a level 2 spell: Searing Ray
  1396 | D:3      | Reached skill level 5 in Conjurations
  1396 | D:3      | Reached XP level 3. HP: 21/21 MP: 0/6
  1452 | D:3      | Noticed Sigmund
  1463 | D:3      | Mangled by Sigmund

Illustrated notes

Levels and vault maps discovered:
D:1:      dpeg_arrival_rooms_a, layout_basic,
          dreamdust_ecumenical_altar_drowned_temple
D:2:      layout_basic, serial_shops, shop, minmay_hedge_maze,
          kennysheep_cross_room
D:3:      layout_rooms, gammafunk_ghost_cemetery, serial_aquarium,
          aquarium_bridge_square [aquarium_subvault_bridge,
          aquarium_subvault_balcony, aquarium_subvault_wall,
          aquarium_subvault_bridge], aquarium_window_1, aquarium_window_1,
          aquarium_window_corridor_2, aquarium_window_fake, aquarium_view_2b,
          aquarium_pool_five, corexii_hall_statues_i, uniq_sigmund,
          uniq_jessica, uniq_terence, uniq_natasha

Skill      XL: |  1  2 |
---------------+-------+-----
Conjurations   | 5 |  5.1
Dodging        | |  2.3
Stealth        | |  2.6
Spellcasting   | |  2.3

Action                   || total
-------------------------++-------
Melee: Unarmed           ||     9
       Constrict         ||     3
 Cast: Magic Dart        ||    38
       Searing Ray       ||     2
  Use: Scroll            ||     2
       Potion            ||     2
Armor: Skin              ||     1
Dodge: Dodged            ||    15

Table legend: (Time is in decaauts)
 A = Elapsed time spent in this place.
 B = Non-inter-level travel time spent in this place.
 C = Inter-level travel time spent in this place.
 D = Time resting spent in this place.
 E = Time spent auto-exploring this place.
 F = Levels seen in this place.
 G = Mean time per level.
                   A        B        C        D        E       F      G
               +--------+--------+--------+--------+--------+-----+--------+
         Total |   1462 |   1433 |     29 |      0 |   1311 |   3 |  487.3 |
       Dungeon |   1462 |   1433 |     29 |      0 |   1311 |   3 |  487.3 |
               +--------+--------+--------+--------+--------+-----+--------+

Top non-repeatable levels by time:
     D:2: 1030 daAuts
     D:1: 330 daAuts
     D:3: 101 daAuts
